Map: Ever Dream LE

Players

SpeCial

  • Race: Terran Terran
  • Spawn Location: 7:00

Reynor - Winner!

  • Race: Zerg Zerg
  • Spawn Location: 1:00

Event: DreamHack SC2 Masters 2020 Summer Season Finals

VOD

Have the link to the VOD?

Description

Time

  • Played on: July 17, 2020, 9:23 a.m.
  • Length: 9:49

All games in this series

Show
View Real Time Build Order
Export as new Build Order

SpeCial Terran 

Build Orders: Gas First Reaper Expand, Hellion Opening 

Get SALT Encoding   

  12  0:01  SCV  
  13  0:13  SCV  
  14  0:17  Supply Depot  
  14  0:25  SCV  
  14  0:27  Refinery  
  15  0:38  SCV  
  16  0:44  Barracks  
  16  0:50  SCV  
  17  1:03  SCV  
  18  1:15  SCV  
  19  1:31  Orbital Command, Reaper  
  20  1:44  Command Center  
  20  1:55  Factory  
  20  1:57  SCV  
  21  2:06  Barracks Reactor  
  21  2:09  SCV  
  21  2:13  Supply Depot  
  22  2:18  Refinery  
  22  2:21  SCV  
  23  2:35  SCV  
  24  2:45  Starport  
  24  2:47  SCV  
  24  2:48  Hellion x2  
  24  2:50  Marine  
  30  2:56  Orbital Command  
  30  2:59  SCV  
  31  3:10  Hellion x2  
  31  3:11  SCV  
  36  3:23  SCV  
  36  3:24  SCV  
  38  3:28  Fusion Core  
  38  3:32  Starport Tech Lab  
  38  3:35  Supply Depot  
  38  3:37  Hellion x2  
  38  3:39  SCV  
  38  3:40  SCV  
  44  3:51  SCV  
  44  3:52  SCV  
  42  4:03  SCV  
  42  4:04  SCV  
  39  4:10  Supply Depot  
  39  4:12  Marine  
  39  4:15  SCV  
  39  4:16  Battlecruiser  
  47  4:21  SCV  
  48  4:27  SCV  
  49  4:32  Barracks Tech Lab, Barracks  
  49  4:33  SCV  
  49  4:34  Supply Depot  
  49  4:36  Barracks  
  50  4:39  SCV  
  50  4:41  Engineering Bay  
  50  4:42  Refinery  
  50  4:44  Factory Reactor  
  51  4:46  SCV  
  51  4:50  Marine  
  51  4:51  Stimpack  
  53  4:53  SCV  
  53  4:57  Supply Depot  
  53  4:59  Supply Depot, SCV  
  55  5:06  SCV  
  56  5:07  Terran Infantry Weapons Level 1  
  56  5:08  Marine  
  56  5:11  Refinery, SCV  
  58  5:18  SCV  
  58  5:20  Marine x2  
  61  5:23  SCV  
  61  5:26  Marine  
  63  5:28  Starport Reactor  
  63  5:30  SCV  
  63  5:32  Siege Tank  
  63  5:34  Marine x2  
  69  5:37  Marine  
  69  5:38  Marine  
  69  5:40  Barracks  
  69  5:41  Barracks  
  71  5:45  Marauder  
  71  5:46  Supply Depot  
  73  5:51  Marine x2  
  73  5:54  Supply Depot  
  73  5:55  Marine  
  73  5:56  Marine  
  77  6:01  SCV  
  78  6:05  SCV  
  78  6:06  Marine  
  78  6:09  Marine x2, Medivac x2  
  84  6:12  Siege Tank  
  84  6:13  Marine x2  
  84  6:15  Supply Depot  
  84  6:16  Supply Depot  
  84  6:17  Supply Depot  
  87  6:24  Marine  
  88  6:27  Marine  
  88  6:30  Marine  
  88  6:32  Barracks Tech Lab x2  
  90  6:33  Marine  
  90  6:37  Combat Shield  
  90  6:39  Medivac x2  
  95  6:42  Marauder  
  97  6:50  Marine x2  
  97  6:51  Marauder, Marine x3  
  104  6:55  Supply Depot  
  104  6:58  Siege Tank  
  107  7:04  Marauder  
  107  7:05  Supply Depot  
  109  7:08  Marine x2  
  109  7:09  Marauder  
  109  7:10  Marine  
  109  7:11  Marine  
  109  7:12  Marine  
  116  7:17  Medivac x2  
  116  7:21  Supply Depot  
  120  7:23  Supply Depot  
  120  7:25  Concussive Shells, Marine  
  120  7:26  Marine x2  
  120  7:28  Marine, Terran Infantry Armor Level 1  
  120  7:38  SCV  
  120  7:40  Marine x2  
  120  7:41  Marauder  
  120  7:42  Marine  
  120  7:44  Marine  
  126  7:46  Marine  
  126  7:49  Marine  
  129  7:58  Marine  
  128  7:59  Marauder  
  128  8:05  Marine x2  
  131  8:06  Marauder  
  131  8:07  Medivac x2  
  131  8:11  Marauder, Marine  
  141  8:16  Marine  
  142  8:20  Marauder  
  142  8:23  Marine  
  142  8:26  Marine  
  145  8:27  Marauder  
  145  8:28  Marine  
  145  8:33  Marauder  
  145  8:34  Marine  
  148  8:41  Marauder, Marine  
  148  8:44  Marine  
  148  8:46  Marine  
  152  8:49  Marauder  
  152  8:51  Marine  
  152  8:54  Marauder  
  153  8:59  Marine  
  127  9:03  Siege Tank, Marauder, Marine  
  127  9:06  Marine  
  118  9:10  Marauder  
  118  9:12  Marine  
  118  9:15  Marauder  
  118  9:16  Marine  
  107  9:20  Marine  
  107  9:24  Marine x2  
  102  9:29  Marine  
Show
View Real Time Build Order
Export as new Build Order

Reynor Zerg - Winner!

Build Orders: Hatch First 

Get SALT Encoding   

  12  0:00  Drone  
  13  0:12  Overlord  
  13  0:17  Drone  
  14  0:30  Drone x2  
  16  0:48  Hatchery  
  15  0:52  Drone  
  15  0:56  Drone  
  17  0:59  Drone  
  18  1:10  Extractor  
  17  1:16  Spawning Pool  
  16  1:18  Drone  
  16  1:23  Drone  
  18  1:28  Drone  
  19  1:38  Drone  
  20  1:52  Drone  
  21  2:02  Queen x2  
  21  2:03  Zergling x4  
  27  2:16  Hatchery  
  27  2:21  Overlord  
  26  2:24  Drone  
  26  2:27  Drone  
  28  2:36  Metabolic Boost  
  28  2:40  Drone x2  
  28  2:42  Drone  
  28  2:44  Drone  
  32  2:49  Overlord  
  32  2:56  Queen  
  34  2:59  Drone  
  34  3:02  Drone  
  36  3:09  Drone  
  36  3:10  Drone  
  36  3:12  Drone x2  
  40  3:16  Pneumatized Carapace  
  40  3:20  Overlord  
  40  3:24  Drone x2  
  42  3:27  Zergling x2  
  42  3:29  Zergling x2  
  42  3:31  Drone  
  45  3:34  Queen  
  45  3:40  Queen  
  49  3:44  Zergling x2  
  49  3:45  Zergling x2  
  51  3:49  Drone x3  
  51  3:53  Zergling x6  
  56  4:02  Overlord  
  52  4:04  Drone  
  52  4:05  Drone x2  
  55  4:11  Drone  
  55  4:13  Drone  
  57  4:19  Overlord  
  57  4:21  Drone  
  57  4:22  Drone x3  
  61  4:26  Roach Warren  
  61  4:28  Drone  
  61  4:29  Drone  
  62  4:33  Overlord  
  62  4:35  Queen  
  62  4:38  Drone x2  
  65  4:42  Lair  
  66  4:46  Extractor  
  66  4:47  Drone, Extractor  
  66  4:48  Drone x2  
  66  4:52  Drone x3  
  70  4:56  Spore Crawler  
  70  4:57  Spore Crawler  
  70  4:58  Spore Crawler  
  70  4:59  Drone  
  68  5:06  Roach x3  
  74  5:07  Roach  
  74  5:10  Roach x2  
  80  5:15  Overlord  
  80  5:16  Drone  
  80  5:18  Evolution Chamber  
  80  5:19  Drone  
  81  5:24  Overlord  
  81  5:30  Overlord  
  81  5:33  Drone x6  
  81  5:34  Drone x2  
  89  5:43  Drone x2  
  89  5:44  Drone x2  
  89  5:45  Overlord  
  89  5:47  Drone x2  
  95  5:50  Overlord  
  95  5:54  Queen  
  97  6:00  Drone x4  
  101  6:06  Drone  
  101  6:07  Drone x2  
  101  6:10  Drone  
  101  6:12  Drone  
  101  6:16  Extractor  
  101  6:17  Extractor, Spire  
  101  6:18  Drone, Extractor  
  99  6:28  Overlord  
  99  6:29  Drone x3  
  99  6:30  Drone  
  103  6:33  Drone  
  103  6:34  Zerg Ground Armor Level 1  
  103  6:36  Evolution Chamber, Roach x2  
  103  6:37  Roach x3  
  103  6:39  Glial Reconstitution  
  113  6:44  Overlord  
  113  6:45  Queen  
  115  6:49  Roach x2  
  119  6:55  Hatchery  
  119  6:58  Roach x2  
  119  6:59  Overlord  
  122  7:01  Overlord  
  122  7:02  Zerg Missile Weapons Level 1  
  121  7:11  Overlord  
  121  7:12  Roach  
  121  7:18  Roach x4  
  121  7:19  Overlord  
  130  7:22  Ravager  
  130  7:23  Ravager x2  
  130  7:24  Roach x2  
  130  7:26  Overlord  
  130  7:29  Zergling x10  
  141  7:33  Roach x2  
  143  7:39  Drone x2  
  143  7:41  Roach  
  147  7:49  Roach  
  147  7:50  Roach x4  
  157  7:55  Drone  
  157  7:56  Drone x2  
  151  7:59  Roach x4  
  151  8:01  Overlord  
  151  8:02  Ravager  
  151  8:03  Roach  
  160  8:08  Overlord  
  160  8:10  Overlord  
  160  8:12  Overlord  
  160  8:15  Overlord  
  160  8:24  Overlord  
  158  8:29  Roach x5  
  158  8:33  Roach x4  
  158  8:34  Ravager x3  
  171  8:35  Roach x2  
  171  8:36  Queen x2  
  180  8:43  Roach x2  
  180  8:45  Ravager x3  
  180  8:46  Roach x2  
  191  8:51  Roach  
  191  8:52  Zergling x2  
  191  8:53  Overlord x2  
  185  8:59  Roach x3  
  185  9:02  Roach x2  
  171  9:05  Roach  
  171  9:06  Queen  
  152  9:10  Roach  
  152  9:13  Roach x2  
  141  9:17  Roach  
  141  9:19  Roach x3  
  141  9:23  Roach x2  
  143  9:25  Roach  
  143  9:27  Zergling x2  
Tags
 
Add a new tag
Caveats
  • Supply blocks, unpowered buildings, or Contaminate may cause inaccurate times.
  • Supply counts are checked every 10 seconds.